[Event "*** Titled Tuesday Blitz"]
[Site "Chess.com"]
[Date "2021.03.30"]
[Round "9"]
[White "stepakyedael"]
[Black "WiktoriaPOL"]
[Result "1-0"]
[WhiteElo "2257"]
[BlackElo "2045"]
[TimeControl "180+1"]
[EndTime "11:46:26 PDT"]
[Termination "stepakyedael won by resignation"]

1. d4 d5 2. Nf3 Nf6 3. e3 e6 4. c4 c5 5. dxc5 Bxc5 6. a3 O-O 7. b4 Be7 8. c5 b6 9. cxb6 Qxb6 10. Bb2 a5 11. b5 Bd7 12. a4 Bb4+ 13. Nbd2 Ne4 14. Bd3 Nxd2 15. Nxd2 f6 16. O-O e5 17. e4 d4 18. Nc4 Qb7 19. Ba3 Bxa3 20. Rxa3 Be6 21. Re1 Nd7 22. Qd2 Nc5 23. Nxa5 Qc7 24. Nc6 Rxa4 25.
Rxa4 Nxa4 26. Qb4 Nc3 27. Ra1 Na2 28. Qc5 Qb7 29. Bc4 Qf7 30. Rxa2 Bxc4 31. Ra7 Qe6 32.
Ne7+ Kh8 33. Ng6+ hxg6 34. Qxf8+ Qg8 35. Qxg8+ Kxg8 36. b6 d3 37. b7 d2 38. b8=Q+ 1-0

[Event "*** Titled Tuesday Blitz"]
[Site "Chess.com"]
[Date "2021.03.30"]
[Round "9"]
[White "Titus369"]
[Black "MF1966Idrisov"]
[Result "0-1"]
[WhiteElo "2498"]
[BlackElo "2374"]
[TimeControl "180+1"]
[EndTime "11:46:27 PDT"]
[Termination "MF1966Idrisov won by resignation"]

1. e4 c6 2. d4 d5 3. Nd2 dxe4 4. Nxe4 Nf6 5. Nxf6+ exf6 6. c3 Bd6 7. Bd3 O-O 8.
Ne2 f5 9. Qc2 g6 10. h4 Nd7 11.
h5 Nf6 12. Bh6 Re8 13. hxg6 hxg6 14. O-O-O Qa5 15. Kb1 Be6 16. Nc1 Ne4 17. Rh4 Bf8 18. Rdh1 Bxh6 19. Rxh6 Kg7 20. Rh7+ Kf6 21. Bxe4 fxe4 22.
Qd2 Bf5 23. Qe3 Qb5 24. Nb3 Qd3+ 25. Qxd3 exd3 26. Kc1 Re2 27. Nd2 Rxf2 28. g4 Rxd2 29. Kxd2 Bxg4 30. Kxd3 Re8 31. R7h2 Bf5+ 32. Kd2 Be4 33.
Re1 Kg5 34. Rg1+ Kf6 35. Re2 Kg7 36. c4 f5 37. Kc3 Kf6 38. a4 g5 39. a5 g4 40. b4 a6 41. Rf1 Kg5 42. Kb2 g3 43. d5 cxd5 44. cxd5 Rd8 45. Rg1 Kf4 46. Rf1+ Kg4 47.
Rg1 Rxd5 48. Re3 Rd2+ 49. Kc3 Rc2+ 50. Kd4 g2 51. b5 axb5 52. Rb3 Kf4 53. Rxb5 Kg3 54.
Rb6 Kf2 55. Rxg2+ Kxg2 56. a6 bxa6 57. Rxa6 Kf3 58. Ra3+ Kf4 59. Ra1 Rd2+ 60. Kc3 Rd7 61. Rf1+ Ke5 62. Ra1 f4 63. Ra5+ Rd5 64. Ra7 f3 65.
Re7+ Kf4 66. Rf7+ Bf5 67. Kc4 Rd1 0-1

[Event "*** Titled Tuesday Blitz"]
[Site "Chess.com"]
[Date "2021.03.30"]
[Round "9"]
[White "mamonika"]
[Black "Tea99"]
[Result "0-1"]
[WhiteElo "2059"]
[BlackElo "2283"]
[TimeControl "180+1"]
[EndTime "11:46:27 PDT"]
[Termination "Tea99 won by resignation"]

1. e4 g6 2. d4 Bg7 3. Nc3 d6 4. Be3 c6 5. Bc4 Nd7 6. f3 b5 7. Bb3 a5 8. a4 b4 9. Nce2 Ngf6 10. Nh3 O-O 11. Qd2 Ba6 12. O-O c5 13. c3 Rb8 14. c4 cxd4 15. Nxd4 Rc8 16. Bc2 Bxc4 17.
Bd3 Bxd3 18. Qxd3 Nc5 19. Qb5 Rb8 20. Qe2 Qd7 21. b3 Rfc8 22. Rab1 Qb7 23. Nb5 Nfd7 24. Rfd1 Ne5 25. Nf2 Nc6 26. Rd5 Na7 27. Nd3 Nxb5 28. Nxc5 dxc5 29. axb5 Qxb5 30. Qxb5 Rxb5 31. Rc1 Bc3 32. Bd4 cxd4 33. Rxd4 Bxd4+ 0-1

[Event "*** Titled Tuesday Blitz"]
[Site "Chess.com"]
[Date "2021.03.30"]
[Round "9"]
[White "Zipa5"]
[Black "FMalexhdez"]
[Result "0-1"]
[WhiteElo "1924"]
[BlackElo "2218"]
[TimeControl "180+1"]
[EndTime "11:46:27 PDT"]
[Termination "FMalexhdez won on time"]

1. Nf3 Nf6 2. d4 d5 3. c4 c6 4. Nc3 g6 5. e3 Bg7 6. Be2 a6 7.
O-O O-O 8. a3 b5 9. cxd5 cxd5 10. Ne5 Bb7 11. Bf3 Ne4 12. Bd2 Nd7 13. Nd3 Nb6 14. b3 Rc8 15. Bxe4 dxe4 16. Nc5 Bc6 17. N3xe4 e5 18. Ba5 exd4 19. exd4 Bxe4 20. Nxe4 Qxd4 21. Qxd4 Bxd4 22. Rad1 Rfd8 23. Kh1 f5 24. Ng5 Bf6 25. Ne6 Rxd1 26. Rxd1 Nd7 27. f3 Nc5 28. Nxc5 Rxc5 0-1

[Event "*** Titled Tuesday Blitz"]
[Site "Chess.com"]
[Date "2021.03.30"]
[Round "9"]
[White "NateSolon"]
[Black "c63_amg"]
[Result "1-0"]
[WhiteElo "2597"]
[BlackElo "2707"]
[TimeControl "180+1"]
[EndTime "11:46:29 PDT"]
[Termination "NateSolon won on time"]

1. d4 Nf6 2. c4 e6 3. g3 Bb4+ 4.
Nd2 a5 5. Bg2 a4 6. Nf3 O-O 7.
O-O a3 8. b3 d6 9. Qc2 Qe7 10. Nb1 e5 11. d5 Bg4 12. Nh4 c6 13.
h3 Bd7 14. Nc3 Na6 15. Bg5 h6 16. Bxf6 Qxf6 17. Ne4 Qe7 18. Rad1 g5 19. dxc6 bxc6 20. Nf3 f5 21. Nc3 e4 22. Nd4 Qg7 23. e3 Rac8 24.
Na4 d5 25. Nb6 Rcd8 26. cxd5 cxd5 27. Nxd5 Bc5 28. Qc4 Bxd4 29. Rxd4 Be6 30. Qxa6 Bxd5 31. Rfd1 Rf6 32. Qa5 Rfd6 33. Rxd5 Rxd5 34. Rxd5 1-0

[Event "*** Titled Tuesday Blitz"]
[Site "Chess.com"]
[Date "2021.03.30"]
[Round "9"]
[White "Keks2017"]
[Black "ARMQUEEN"]
[Result "1-0"]
[WhiteElo "2487"]
[BlackElo "2322"]
[TimeControl "180+1"]
[EndTime "11:46:30 PDT"]
[Termination "Keks2017 won by resignation"]

1. g3 d5 2. Bg2 g6 3. Nf3 Bg7 4. O-O Nf6 5. d3 O-O 6. Nbd2 c5 7. e4 Nc6 8. Re1 e5 9. exd5 Nxd5 10.
a3 Re8 11. Ne4 b6 12. c4 Nc7 13. Rb1 Bb7 14. b4 cxb4 15. axb4 Qd7 16. b5 Nd4 17. Nxd4 exd4 18. Ba3 Re6 19. Nf6+ Rxf6 20. Bxb7 Rb8 21.
Bc6 Rxc6 22. bxc6 Qxc6 23. h4 Ne6 24. Bc1 h6 25. Qg4 Kh7 26. h5 Nc5 27. Re7 Qf6 28. hxg6+ fxg6 29. Rxa7 Nxd3 30. Bf4 Re8 31. Rd1 Nc5 32.
Qh3 Ne6 33. Bxh6 Kg8 34. Bxg7 Nxg7 35. Qd7 Rf8 36. Qxd4 Ne6 37. Qxf6 Rxf6 38. Rd6 Kf8 39. Rxb6 Rf7 40. Rxf7+ Kxf7 41. Rxe6 Kxe6 42. Kg2 Kd6 43. Kf3 Kc5 44. Kf4 Kxc4 45. Kg5 Kd5 46. Kxg6 Ke4 47. f4 Kf3 48. f5 Kxg3 49. f6 1-0

[Event "*** Titled Tuesday Blitz"]
[Site "Chess.com"]
[Date "2021.03.30"]
[Round "9"]
[White "gatocorbis"]
[Black "rachidhuilda"]
[Result "0-1"]
[WhiteElo "2099"]
[BlackElo "2280"]
[TimeControl "180+1"]
[EndTime "11:46:31 PDT"]
[Termination "rachidhuilda won on time"]

1. e4 c5 2. c3 d5 3. exd5 Qxd5 4.
d4 Nf6 5. Nf3 Nc6 6. Be2 e6 7.
O-O Be7 8. h3 O-O 9. Be3 b6 10.
c4 Qf5 11. Nc3 cxd4 12. Nxd4 Nxd4 13. Qxd4 Bb7 14. Bd3 Qh5 15. Qf4 Rad8 16. Rad1 Rxd3 17. Rxd3 Qg6 18. Nd5 Nxd5 19. Rxd5 exd5 20. cxd5 Bxd5 21. f3 Bxa2 22. Ra1 Be6 23. Rxa7 Bf6 24. Rb7 Qb1+ 25. Kh2 Qxb2 26. Qd6 Be5+ 0-1

[Event "*** Titled Tuesday Blitz"]
[Site "Chess.com"]
[Date "2021.03.30"]
[Round "9"]
[White "WPWPWP-2015"]
[Black "HrvojeZagreb"]
[Result "1-0"]
[WhiteElo "2472"]
[BlackElo "2242"]
[TimeControl "180+1"]
[EndTime "11:46:33 PDT"]
[Termination "WPWPWP-2015 won on time"]

1. e4 e6 2. d4 d5 3. exd5 exd5 4.
Be3 Bd6 5. h3 Ne7 6. g4 h5 7. Bg2 c6 8. Nd2 Na6 9. Qe2 hxg4 10.
hxg4 Rxh1 11. Bxh1 Be6 12. O-O-O Qd7 13. Bf3 O-O-O 14.
Nh3 f6 15. Nf4 Bf7 16. Nh5 Rg8 17. a3 Nc7 18. Nb3 Ne6 19. Qd2 Kb8 20. Kb1 Qc7 21. Rc1 Ng6 22. Be2 Ngf4 23. Nxf4 Nxf4 24. Bf3 g5 25.
Rh1 Bg6 26. Nc5 Bxc5 27. dxc5 Qe7 28. Re1 Qh7 29. Rh1 Qf7 30. Bxf4+ gxf4 31. Qxf4+ Ka8 32. Re1 Qh7 33. Re2 a6 34. b3 Qf7 35. Qd6 d4 36.
Kb2 d3 37. cxd3 1-0

[Event "*** Titled Tuesday Blitz"]
[Site "Chess.com"]
[Date "2021.03.30"]
[Round "9"]
[White "Iskusnyh"]
[Black "tptagain"]
[Result "1/2-1/2"]
[WhiteElo "2655"]
[BlackElo "2823"]
[TimeControl "180+1"]
[EndTime "11:46:34 PDT"]
[Termination "Game drawn by repetition"]

1. d4 Nf6 2. c4 g6 3. g3 Bg7 4. Bg2 O-O 5. Nc3 d6 6. Nf3 Nc6 7. O-O a6 8. b3 e5 9. dxe5 dxe5 10. Ba3 Re8 11. Qxd8 Nxd8 12. Rad1 e4 13. Nd4 b6 14. e3 Bb7 15. Rd2 c5 16. Nde2 Bf8 17. Nf4 Ne6 18. Nfd5 Nxd5 19. Nxd5 Bxd5 20. Rxd5 f5 21. Rfd1 Kf7 22.
g4 fxg4 23. Bxe4 Rad8 24. Rd7+ Be7 25. Bb2 a5 26. R1d5 Ng5 27. Bg2 Nf3+ 28. Bxf3 gxf3 29. Kf1 Ke6 30. Rxd8 Rxd8 31. e4 Rf8 32. Re5+ Kd7 33. Rd5+ Ke6 34. Re5+ Kf7 35. Rd5 Ke6 1/2-1/2

[Event "*** Titled Tuesday Blitz"]
[Site "Chess.com"]
[Date "2021.03.30"]
[Round "9"]
[White "MaevskiyNikolay"]
[Black "LionTheLeon_06"]
[Result "1-0"]
[WhiteElo "2558"]
[BlackElo "2684"]
[TimeControl "180+1"]
[EndTime "11:46:35 PDT"]
[Termination "MaevskiyNikolay won on time"]

1. Nf3 Nf6 2. c4 b6 3. g3 Bb7 4. Bg2 g6 5. d4 Bg7 6. O-O O-O 7.
d5 Ne4 8. Qc2 f5 9. Nfd2 Nd6 10.
Nc3 c6 11. e4 fxe4 12. Ncxe4 Nxe4 13. Bxe4 cxd5 14. cxd5 Na6 15. Nb3 Rc8 16. Qe2 Nc5 17. Nxc5 Rxc5 18. Rd1 Qb8 19. Be3 Rcc8 20. Bg5 Qd6 21.
Bg2 Bf6 22. Bh6 Rf7 23. Bf4 Qb4 24. Rac1 Rxc1 25. Rxc1 Qxb2 26. Qxb2 Bxb2 27. Rc7 Ba6 28.
Rxd7 Bc4 29. Rxa7 Kg7 30. a4 e6 31. Bh6+ Kf6 32. Bg5+ Kg7 33. Rxf7+ Kxf7 34. dxe6+ Kxe6 35. Be3 b5 36. a5 b4 37. Bf1 Bxf1 38. Kxf1 b3 39.
a6 Be5 40. a7 b2 41. a8=Q b1=Q+ 42. Kg2 Qb5 43. Qg8+ Kf5 44. Qf7+ 1-0

[Event "*** Titled Tuesday Blitz"]
[Site "Chess.com"]
[Date "2021.03.30"]
[Round "9"]
[White "2nd_life"]
[Black "Escanor89"]
[Result "1-0"]
[WhiteElo "2429"]
[BlackElo "2565"]
[TimeControl "180+1"]
[EndTime "11:46:35 PDT"]
[Termination "2nd_life won by resignation"]

1. e4 c5 2. Nf3 d6 3. Bb5+ Nd7 4. c3 Nf6 5. Qe2 e5 6. d4 Qc7 7. dxe5 dxe5 8. Bg5 Be7 9. Nbd2 a6 10. Bxd7+ Bxd7 11.
Nc4 h6 12. Bh4 Bg4 13. h3 Bxf3 14. Qxf3 O-O 15. Bxf6 Bxf6 16. Ne3 Be7 17. O-O Rfd8 18.
Nd5 Qd6 19. a4 b5 20. axb5 axb5 21. Rfd1 Bf8 22. b3 c4 23. b4 Qc6 24. h4 Rdb8 25.
h5 Qe6 26. g3 Qc6 27. Kg2 Qb7 28. Qf5 Re8 29. Rxa8 Qxa8 30. Nc7 Qa4 31. Rd7 Re7 32.
Rxe7 Bxe7 33. Qxe5 Bf6 34. Qe8+ Kh7 35. Qxb5 Qc2 36.
Qf5+ Kg8 37. b5 Qxc3 38. Nd5 Qe5 39. Nxf6+ gxf6 40. Qxe5 fxe5 41. b6 1-0

[Event "*** Titled Tuesday Blitz"]
[Site "Chess.com"]
[Date "2021.03.30"]
[Round "9"]
[White "SanchezKelvin"]
[Black "noblerone"]
[Result "1-0"]
[WhiteElo "2598"]
[BlackElo "2393"]
[TimeControl "180+1"]
[EndTime "11:46:35 PDT"]
[Termination "SanchezKelvin won on time"]

1. d4 d5 2. c4 c6 3. Nf3 Nf6 4.
Nc3 dxc4 5. a4 Bf5 6. Ne5 Nbd7 7.
Nxc4 Qc7 8. g3 e5 9. dxe5 Nxe5 10.
Bf4 Nfd7 11. Bg2 f6 12. O-O Be6 13. Nxe5 fxe5 14. Bg5 h6 15. Be3 Bc5 16. Bxc5 Nxc5 17. Qc2 O-O 18. b4 Nb3 19. Rad1 Nd4 20. Qb2 Rad8 21.
Ne4 Bd5 22. Nc5 Bxg2 23. Kxg2 Qf7 24. f4 exf4 25. Rxd4 Rfe8 26. Rdxf4 Qe7 27. R4f2 Kh8 28. Nd3 Qe3 29. Nf4 Qe4+ 30. Kg1 Rd7 31. Qc3 Rde7 32.
Qf3 Qh7 33. Qg4 g5 34. Nh5 Re4 35. Qf3 Qg6 36. Nf6 Re3 37. Qg4 R8e6 38. Qd4 R3e5 39.
Qd8+ 1-0

[Event "*** Titled Tuesday Blitz"]
[Site "Chess.com"]
[Date "2021.03.30"]
[Round "9"]
[White "Artyom_ChessMate"]
[Black "ymoy"]
[Result "0-1"]
[WhiteElo "2553"]
[BlackElo "2725"]
[TimeControl "180+1"]
[EndTime "11:46:43 PDT"]
[Termination "ymoy won by resignation"]

1. e4 c5 2. Nc3 Nc6 3. Bb5 g6 4. Bxc6 bxc6 5. d3 Bg7 6. f4 d5 7.
Nf3 e6 8. O-O Ne7 9. Qe1 c4 10.
dxc4 Ba6 11. Qh4 Bxc4 12. Rd1 Qb6+ 13. Kh1 d4 14. Na4 Qa5 15. b3 Be2 16. Ba3 Qc7 17. Re1 Bxf3 18. gxf3 h6 19. Qxe7+ Qxe7 20. Bxe7 Kxe7 21.
Rad1 Rhd8 22. Rd3 g5 23. fxg5 hxg5 24. Nb2 Be5 25. Nc4 Bf4 26. Re2 e5 27. a4 c5 28. Nb2 Rh8 29. Rd1 Rh3 30. Nd3 Rxf3 31. Nxc5 Rh8 32. Nd3 Re3 33. Nxf4 gxf4 34. Rxe3 fxe3 35.
Kg2 f5 36. exf5 Kf6 37. Kf3 Rxh2 38. c3 e2 39. Re1 d3 40. Ke3 e4 41. c4 Ke5 42. c5 Rh3+ 43. Kd2 Kd4 44. c6 e3+ 45. Kc1 d2+ 0-1

[Event "*** Titled Tuesday Blitz"]
[Site "Chess.com"]
[Date "2021.03.30"]
[Round "9"]
[White "onetowin"]
[Black "BeyondMadness"]
[Result "0-1"]
[WhiteElo "2019"]
[BlackElo "2262"]
[TimeControl "180+1"]
[EndTime "11:46:43 PDT"]
[Termination "BeyondMadness won by resignation"]

1. d4 Nf6 2. Nf3 g6 3. g3 Bg7 4. Bg2 O-O 5. O-O d6 6. c4 c6 7. Nc3 Nbd7 8. e4 e5 9. h3 Qc7 10. Be3 Re8 11. c5 dxc5 12. dxe5 Nxe5 13. Nxe5 Qxe5 14. f4 Qe7 15. e5 Nd7 16. Ne4 Rd8 17. Nd6 Nxe5 18. Bxc5 Nc4 19. Ne4 Rxd1 20. Bxe7 Rxf1+ 21. Rxf1 Ne3 22. Re1 Nxg2 23. Kxg2 Be6 24. Bf6 Re8 25. a3 Bd5 26. Kf2 Rxe4 27. Rxe4 Bxe4 28.
Bxg7 Kxg7 29. Ke3 f5 30. Kd4 Kf6 31. g4 Ke6 32. h4 b6 33. h5 gxh5 34. gxh5 h6 35.
b4 Bf3 36. Kc4 Bxh5 37. Kd4 Be8 0-1

[Event "*** Titled Tuesday Blitz"]
[Site "Chess.com"]
[Date "2021.03.30"]
[Round "9"]
[White "annacramling"]
[Black "Grineva_Marianna"]
[Result "0-1"]
[WhiteElo "2081"]
[BlackElo "2258"]
[TimeControl "180+1"]
[EndTime "11:46:44 PDT"]
[Termination "Grineva_Marianna won on time"]

1. d4 d6 2. Nf3 c6 3. e3 Nd7 4.
c4 h6 5. Nc3 g5 6. h3 Bg7 7.
Bd3 Nf8 8. Bd2 Ne6 9. d5 Nc5 10. Bc2 a5 11. Nd4 Bxd4 12. exd4 Nd7 13. h4 g4 14.
Qxg4 Ngf6 15. Qf3 c5 16. Nb5 cxd4 17. Nxd4 Ne5 18. Qe2 Bg4 19. f3 Bd7 20. Nf5 Qb6 21. Bc3 Rc8 22. b3 Rg8 23. Nxh6 Rxg2 24. Qxg2 Qe3+ 25.
Qe2 Nxf3+ 26. Kf1 Qxc3 27. Kg2 Nd4 28. Qf2 Nxc2 29. Rhf1 Ne3+ 30. Kg1 Nxf1 31. Rxf1 Qh3 32. Qf4 b5 33. Rf2 bxc4 34. Rg2 cxb3 35. axb3 Rc1+ 36. Qxc1 Qxb3 37. Qf1 Qxd5 38. Qf2 Qd1+ 0-1

[Event "*** Titled Tuesday Blitz"]
[Site "Chess.com"]
[Date "2021.03.30"]
[Round "9"]
[White "moro182"]
[Black "swisspower96"]
[Result "0-1"]
[WhiteElo "2724"]
[BlackElo "2614"]
[TimeControl "180+1"]
[EndTime "11:46:45 PDT"]
[Termination "swisspower96 won on time"]

1. d4 Nf6 2. c4 e6 3. Nc3 Bb4 4.
Nf3 d5 5. cxd5 exd5 6. Bf4 Nc6 7. e3 Ne4 8. Rc1 g5 9. Bg3 h5 10. h3 Nxg3 11. fxg3 Be6 12. Kf2 Qf6 13. Kg1 O-O-O 14. Nb5 a6 15. Rxc6 axb5 16. Rc1 Bd6 17. Qe1 g4 18.
hxg4 hxg4 19. Nh4 Bd7 20. Qf2 Qg5 21. Bd3 Rde8 22. Re1 Rh5 23. Kf1 Re6 24. Bf5 Rf6 25. e4 dxe4 26. Ke2 Bxf5 27. Ref1 e3 28. Qe1 Be6 29. Qc3 Bc4+ 0-1

[Event "*** Titled Tuesday Blitz"]
[Site "Chess.com"]
[Date "2021.03.30"]
[Round "9"]
[White "chenrip"]
[Black "ecwinslow"]
[Result "0-1"]
[WhiteElo "2462"]
[BlackElo "2311"]
[TimeControl "180+1"]
[EndTime "11:46:45 PDT"]
[Termination "ecwinslow won by checkmate"]

1. e4 c5 2. Nf3 d6 3. Bb5+ Nd7 4. a4 Nf6 5. Nc3 e6 6. d4 cxd4 7. Nxd4 Be7 8. O-O O-O 9. Be3 Nc5 10. f3 a6 11. Be2 Qc7 12. a5 e5 13. Nf5 Be6 14. Nxe7+ Qxe7 15. Nd5 Bxd5 16. exd5 Rac8 17. b4 Ncd7 18.
c4 e4 19. f4 g6 20. Qd4 h5 21. h3 Kh7 22. Rac1 Ne8 23. c5 f5 24. c6 Ndf6 25. Rfd1 Rb8 26. Qb6 Nc7 27. cxb7 Ncxd5 28. Qxa6 Nxe3 29.
Rxd6 Rxb7 30. Rcc6 Ned5 31. Re6 Qxb4 32. Rxf6 Nxf6 33.
Rxf6 Qd4+ 34. Kh2 Rxf6 35. Qxb7+ Kh6 36. a6 Qd6 37. g3 h4 38. Qc8 hxg3+ 39. Kxg3 Qa3+ 40.
Kh4 Rf8 41. Qe6 Qa5 42. Qe7 Qe1# 0-1

[Event "*** Titled Tuesday Blitz"]
[Site "Chess.com"]
[Date "2021.03.30"]
[Round "9"]
[White "northridgehawk"]
[Black "Larciano"]
[Result "1-0"]
[WhiteElo "2306"]
[BlackElo "1952"]
[TimeControl "180+1"]
[EndTime "11:46:47 PDT"]
[Termination "northridgehawk won by resignation"]

1. e4 e5 2. Nf3 Nc6 3. g3 Nf6 4. d3 d5 5. exd5 Nxd5 6. Bg2 Be7 7. O-O O-O 8. Nc3 Be6 9. Re1 f6 10. Bd2 Qd7 11. Ne2 Rad8 12. a4 a5 13. c3 Bh3 14.
Bh1 Rfe8 15. d4 exd4 16. Nfxd4 Nxd4 17. Nxd4 Bc5 18. Qb3 c6 19. Qc4 Bb6 20. Rad1 Kh8 21. Bc1 h6 22. Qd3 Bg4 23. Bf3 Bxd4 24. cxd4 Bxf3 25.
Qxf3 Rxe1+ 26. Rxe1 Re8 27. Re4 Re7 28. Qe2 Qe8 29. f3 Kg8 30. Bd2 b6 31. Kf2 Kf7 32. Bc3 g6 33. h4 h5 34. Qd3 f5 35. Re5 Re6 36. f4 Nf6 37. Qc4 Ne4+ 38. Kf3 Qd7 39.
b4 axb4 40. Bxb4 c5 41. Qxe6+ Qxe6 42. Rxe6 Kxe6 43. dxc5 bxc5 44. Be1 Nd6 45. Ke3 Kd5 46. Kd3 c4+ 47. Kc3 Kc5 48. Bf2+ Kc6 49. Kd4 Ne4 50. Be1 c3 51. Bxc3 Nxg3 52. Ke5 Ne2 53. Bd2 Kb6 54. Kf6 Nd4 55. Be3 Ka6 56. Bxd4 1-0

[Event "*** Titled Tuesday Blitz"]
[Site "Chess.com"]
[Date "2021.03.30"]
[Round "9"]
[White "morte-negra"]
[Black "andy_rekt"]
[Result "1-0"]
[WhiteElo "1936"]
[BlackElo "2288"]
[TimeControl "180+1"]
[EndTime "11:46:47 PDT"]
[Termination "morte-negra won by resignation"]

1. e4 e6 2. d4 d5 3. e5 c5 4. c3 Nc6 5. Nf3 Bd7 6. Be2 Qb6 7. a3 c4 8. O-O Na5 9. Nbd2 Ne7 10. b4 cxb3 11. Rb1 Ba4 12. Bb2 Rc8 13. Rc1 Bb5 14. Bxb5+ Qxb5 15. Re1 Nec6 16. c4 dxc4 17. Ne4 Nb8 18. Nc3 Qd7 19. d5 exd5 20. Nxd5 Nbc6 21. e6 fxe6 22. Ng5 Ne7 23. Rxe6 c3 24. Bxc3 Nc6 25. Qh5+ g6 26. Nf6+ Kd8 27. Nf7+ Kc7 28. Be5+ Kb6 29. Nxd7+ Ka6 30. Qe2+ b5 31. Nc5+ Kb6 32.
Nxb3 Rg8 33. Qe3+ Kb7 34. Na5+ Ka6 35. Nxc6 Nxc6 36. Rexc6+ 1-0

[Event "*** Titled Tuesday Blitz"]
[Site "Chess.com"]
[Date "2021.03.30"]
[Round "9"]
[White "I_Enchev"]
[Black "Raud100"]
[Result "1-0"]
[WhiteElo "2541"]
[BlackElo "2396"]
[TimeControl "180+1"]
[EndTime "11:46:48 PDT"]
[Termination "I_Enchev won on time"]

1. d4 d5 2. c4 c6 3. cxd5 cxd5 4. Nc3 Nc6 5. e4 e6 6. e5 Nge7 7. Nf3 h5 8. Bd3 g6 9. Bg5 Qb6 10. Qd2 Bd7 11. Bf6 Rg8 12. O-O Nf5 13. Na4 Qb4 14.
Qxb4 Bxb4 15. a3 Be7 16. Bxe7 Kxe7 17. Bxf5 gxf5 18. Nc3 Rg4 19. h3 Rg7 20. Ne2 f6 21. exf6+ Kxf6 22. Nf4 h4 23. Rfe1 Rh7 24. Rac1 Rc8 25.
Rc3 Na5 26. Rce3 Nc4 27. R3e2 Rc6 28. Nd3 Bc8 29. a4 b6 30. b3 Na5 31. b4 Nc4 32. b5 Rd6 33. Nfe5 a6 34. Nf4 a5 35.
Neg6 Bd7 36. f3 Bc8 37. Kf2 1-0

[Event "*** Titled Tuesday Blitz"]
[Site "Chess.com"]
[Date "2021.03.30"]
[Round "9"]
[White "Limelight2727"]
[Black "Deepweb2020"]
[Result "1-0"]
[WhiteElo "2378"]
[BlackElo "2495"]
[TimeControl "180+1"]
[EndTime "11:46:48 PDT"]
[Termination "Limelight2727 won by checkmate"]

1. d4 Nf6 2. c4 e6 3. Nc3 Bb4 4. Qc2 d5 5. f3 O-O 6. a3 Bxc3+ 7.
Qxc3 Nc6 8. Bg5 dxc4 9. e3 h6 10.
Bh4 Qd5 11. Bxf6 gxf6 12. Bxc4 Qg5 13. Nh3 Qh4+ 14. Nf2 Bd7 15. g3 Qh5 16. Be2 Qa5 17. b4 Qd5 18. Ne4 Kg7 19. g4 Rae8 20. Bc4 f5 21. Bxd5 exd5 22. Nc5 Bc8 23. gxf5 Bxf5 24.
Rg1+ Kh7 25. Kd2 Nd8 26. Rg3 b6 27. Nd3 Ne6 28. Rag1 Re7 29. Nf4 Nxf4 30. exf4 Rfe8 31. Rg7+ Kh8 32. Qc6 Re2+ 33. Kc1 R8e6 34. Rg8+ Kh7 35.
R1g7# 1-0

[Event "*** Titled Tuesday Blitz"]
[Site "Chess.com"]
[Date "2021.03.30"]
[Round "9"]
[White "Irina_Baraeva"]
[Black "reniite"]
[Result "1-0"]
[WhiteElo "2312"]
[BlackElo "2007"]
[TimeControl "180+1"]
[EndTime "11:46:49 PDT"]
[Termination "Irina_Baraeva won on time"]

1. d4 Nf6 2. c4 e6 3. Nf3 b6 4. g3 Bb7 5. Bg2 Be7 6. O-O O-O 7. Nc3 d5 8. Ne5 Qc8 9. cxd5 Nxd5 10. e4 Nxc3 11.
bxc3 c5 12. Bb2 Nd7 13. f4 f6 14. Nd3 c4 15. Ne1 b5 16. Nc2 a5 17. a3 Nb6 18.
Ne3 Na4 19. Qc2 Qc7 20. f5 exf5 21. Nxf5 Bd6 22. Rae1 Rae8 23. Bc1 Be7 24. e5 fxe5 25. Rxe5 Bf6 26. Rxb5 Bxg2 27. Qxg2 Bxd4+ 28. cxd4 Nc3 29. Rc5 Qd7 30. g4 Ne2+ 31. Kh1 Nxd4 32. Rd5 Nxf5 33. Rxd7 Ne3 34. Bxe3 Rxf1+ 35. Qxf1 1-0

[Event "*** Titled Tuesday Blitz"]
[Site "Chess.com"]
[Date "2021.03.30"]
[Round "9"]
[White "RamyresCoelho"]
[Black "TeukkaSalama"]
[Result "0-1"]
[WhiteElo "2155"]
[BlackElo "2328"]
[TimeControl "180+1"]
[EndTime "11:46:49 PDT"]
[Termination "TeukkaSalama won by checkmate"]

1. e4 e5 2. Nf3 Nc6 3. d4 exd4 4.
Bc4 Nf6 5. e5 d5 6. Bb5 Ne4 7.
Nxd4 Bc5 8. Nxc6 Bxf2+ 9. Kf1 bxc6 10. Bxc6+ Kf8 11. Qd3 Bf5 12. Qf3 Bg6 13. Bxa8 Qxa8 14. Nc3 Bb6 15. Bf4 f6 16. exf6 gxf6 17. Rd1 c6 18.
Nxe4 dxe4 19. Bh6+ Kf7 20. Qb3+ Ke7 21. Bf4 Rd8 22.
Qa3+ Kf7 23. Qb3+ Kg7 24. Rxd8 Qxd8 25. c4 Qd4 26. Bg3 e3 27. Ke2 Bh5+ 28. Ke1 Qd2+ 29. Kf1 e2# 0-1

[Event "*** Titled Tuesday Blitz"]
[Site "Chess.com"]
[Date "2021.03.30"]
[Round "9"]
[White "Sueetin"]
[Black "Cryptochess"]
[Result "0-1"]
[WhiteElo "2427"]
[BlackElo "2574"]
[TimeControl "180+1"]
[EndTime "11:46:50 PDT"]
[Termination "Cryptochess won by resignation"]

1. d4 Nf6 2. c4 e6 3. Nf3 d5 4. Nc3 Be7 5. Bg5 O-O 6. e3 Nbd7 7. Rc1 c6 8. Bd3 dxc4 9. Bxc4 b5 10. Bd3 Bb7 11.
O-O b4 12. Ne4 Nxe4 13. Bxe7 Qxe7 14. Bxe4 Rfc8 15. Qa4 Nb6 16. Qa5 Nd7 17. Nd2 e5 18. Bf5 exd4 19. exd4 c5 20. dxc5 Bxg2 21. Bxd7 Qxd7 22.
Kxg2 Qxd2 23. c6 Qxb2 24. c7 Qf6 25. Rc5 Qg6+ 26. Kh1 Qe4+ 27. Kg1 Re8 28. Rfc1 Rac8 29. R5c4 Qf3 30. Qxb4 Re6 31. Rg4 h5 32. Rg3 Qd5 33.
Qc3 Rg6 34. Rxg6 fxg6 35. Qh3 Qg5+ 0-1

[Event "*** Titled Tuesday Blitz"]
[Site "Chess.com"]
[Date "2021.03.30"]
[Round "9"]
[White "kikydu96"]
[Black "kakorrhaphiophobie"]
[Result "1/2-1/2"]
[WhiteElo "2473"]
[BlackElo "2353"]
[TimeControl "180+1"]
[EndTime "11:46:50 PDT"]
[Termination "Game drawn - insufficient material"]

1. e4 e6 2. d4 d5 3. Nc3 Bb4 4. e5 c5 5. Bd2 Ne7 6. Nb5 Bxd2+ 7. Qxd2 O-O 8. f4 Bd7 9. Nd6 cxd4 10. Nf3 Qb6 11.
O-O-O Nc8 12. Nxc8 Rxc8 13. Nxd4 Nc6 14. Kb1 Nxd4 15.
Qxd4 Qxd4 16. Rxd4 f6 17. exf6 gxf6 18. g3 Kf7 19.
Bh3 Re8 20. Re1 Rad8 21. Kc1 Bc6 22. c4 dxc4 23. Rxd8 Rxd8 24. Bxe6+ Kg7 25. Bxc4 Rd7 26. Kc2 a5 27. Kc3 b5 28. Be6 Re7 29. a3 Bd7 30. f5 Bc6 31. b4 axb4+ 32. axb4 Kh6 33. Kd4 Kg5 34. Kc5 Be8 35. Kd6 Ra7 36. Re4 Bh5 37. h4+ Kh6 38. g4 Bf7 39. Bxf7 Rxf7 40. Re7 Rf8 41. Ke6 Rg8 42. g5+ fxg5 43. hxg5+ Rxg5 44. f6 Rg1 45. f7 Kg7 46. Rb7 Re1+ 47. Kd6 Rf1 48. Ke6 Rf6+ 49. Kd5 Rxf7 50. Rxb5 Rf5+ 51. Kc6 Rxb5 52. Kxb5 h5 53. Kc5 h4 54. b5 h3 55. b6 h2 56. b7 h1=Q 57. b8=Q Qc1+ 58. Kd5 Qd2+ 59. Ke6 Qe3+ 60. Kf5 Qf3+ 61. Kg5 Qe3+ 62. Qf4 Qxf4+ 63. Kxf4 1/2-1/2

[Event "*** Titled Tuesday Blitz"]
[Site "Chess.com"]
[Date "2021.03.30"]
[Round "9"]
[White "Aradhya2000"]
[Black "Sjakkerntobi"]
[Result "1-0"]
[WhiteElo "2587"]
[BlackElo "2414"]
[TimeControl "180+1"]
[EndTime "11:46:51 PDT"]
[Termination "Aradhya2000 won on time"]

1. d4 e6 2. c4 Nf6 3. Nf3 c5 4. d5 exd5 5. cxd5 d6 6. e4 g6 7. Bd3 Bg7 8. O-O O-O 9. h3 Re8 10.
Re1 c4 11. Bxc4 Rxe4 12. Rxe4 Nxe4 13. Qe2 Nf6 14. Nc3 Nbd7 15. Bf4 Nb6 16. Re1 Bf5 17. Bb3 Rc8 18. Nd4 Qd7 19. Nxf5 Qxf5 20. Bxd6 Nfxd5 21. Nxd5 Nxd5 22. Qb5 Bd4 23. Rf1 Ne3 24. Qxf5 Nxf5 25. Ba3 h5 26. Rd1 h4 27. Kf1 Bc5 28. Rd7 Bxa3 29.
bxa3 Rc1+ 30. Ke2 b6 31. Bxf7+ Kf8 32. Bxg6 Ne7 33. Bd3 Rg1 34. Kf3 Rd1 35. Bb5 Ra1 36. Rxa7 Rxa2 37. a4 Ng6 38. Ke3 Ra3+ 39. Ke4 Ra1 40. Kf5 Ne7+ 41. Kg5 Re1 42. Bc4 Re5+ 43. Kf6 1-0